 Dungeon Sprint DCSS version 0.21.1-1-g345015f (webtiles) character file.

4698 sankara the Spear-Bearer (level 10, -1/89 HPs)
             Began as a Formicid Fighter on Apr 3, 2018.
             Was an Elder of Okawaru.
             Slain by a demonic crawler (9 damage)
             ... in the Dungeon (Sprint I: "Red Sonja").
             The game lasted 00:10:54 (1710 turns).

sankara the Spear-Bearer (Formicid Fighter)         Turns: 1710, Time: 00:10:56

Health: -1/89      AC: 15    Str: 26    XL:     10   Next: 72%
Magic:  14/15      EV: 16    Int:  9    God:    Okawaru [****..]
Gold:   346        SH: 15    Dex: 13    Spells: 9/9 levels left

rFire    . . .     SeeInvis +   a - +1 trident (freeze)
rCold    . . .     Gourm    .   h - +0 shield
rNeg     . . .     Faith    .   n - +0 scale mail
rPois    .         Spirit   .   (helmet unavailable)
rElec    .         Reflect  .   p - +0 cloak {MR+}
rCorr    .         Harm     .   q - +1 pair of gloves {Dex+3}
MR       ++...                  (no boots)
Stlth    ++........             (no amulet)
HPRegen  0.24/turn              o - +3 ring of strength
MPRegen  0.14/turn              (no ring)

@: heroism
A: permanent stasis, dig shafts and tunnels, four strong arms, antennae 3
a: Dig, Heroism, Renounce Religion


You were in the Dungeon.
You worshipped Okawaru.
Okawaru was greatly pleased with you.
You were hungry.

You visited 1 branch You collected 738 gold pieces.
You spent 392 gold pieces at shops.

Inventory:

Hand Weapons
 a - a +1 trident of freezing (weapon)
   (You found it in the Dungeon)
 b - a +0 arbalest
   (You found it in the Dungeon)
 c - a +0 scythe
   (You took it off Sigmund in the Dungeon)
Missiles
 j - 18 bolts
 m - 5 stones (quivered)
Armour
 h - a +0 shield (worn)
 n - a +0 scale mail (worn)
 p - a +0 cloak of magic resistance (worn)
   (You bought it in a shop in the Dungeon)
 q - a +1 pair of gloves of dexterity (worn)
   (You bought it in a shop in the Dungeon)
Jewellery
 o - a +3 ring of strength (left hand)
   (You found it in the Dungeon)
Wands
 l - a wand of flame (28)
   (You took it off Ijyb in the Dungeon)
Scrolls
 d - 2 scrolls of identify {unknown}
Potions
 e - a potion of curing
 i - 2 potions of magic
Comestibles
 f - 2 rations
 k - 3 chunks of flesh {@w0}


   Skills:
 + Level 12.1(17.1) Fighting
 - Level 13.2(18.2) Polearms
 + Level 12.1(17.1) Armour
 - Level 5.1(10.1) Dodging
 - Level 2.5(7.5) Stealth
 + Level 13.0(18.0) Shields
 + Level 6.7 Invocations


You had 9 spell levels left.
You didn't know any spells.

Dungeon Overview and Level Annotations

Branches:
Dungeon (1/1)

Altars:
Cheibriados
Dithmenos
Elyvilon
Fedhas
Gozag
Hepliaklqana
Kikubaaqudgha
Makhleb
Nemelex Xobeh
Okawaru
Qazlal
Ru
Sif Muna
Trog
Uskayaw
Vehumet
Wu Jian
Xom
Yredelemnul
Zin
The Shining One
Jiyva
Lugonu

Shops:
D ([


Innate Abilities, Weirdness & Mutations

You cannot be hasted, slowed, berserked, paralysed or teleported.
You can dig through walls and to a lower floor.
Your four strong arms can wield two-handed weapons with a shield.
You have a pair of large antennae on your head. (SInv)


Message History

Aim: a demonic crawler (lightly wounded, clinging)
You barely miss the demonic crawler.
The demonic crawler is lightly wounded.
You block the demonic crawler's attack. x2; The demonic crawler misses you.
Attack whom?
Press: ? - help, Dir - move target cursor, f/p - demonic crawler
Aim: a demonic crawler (lightly wounded, clinging)
You puncture the demonic crawler!
The demonic crawler is lightly wounded.
The demonic crawler completely misses you.
You block the demonic crawler's attack.
The demonic crawler hits you but does no damage.
You block the demonic crawler's attack.
The demonic crawler hits you but does no damage.
You block the demonic crawler's attack.
Attack whom?
Press: ? - help, Dir - move target cursor, f/p - demonic crawler
Aim: a demonic crawler (lightly wounded, clinging)
You hit the demonic crawler.
The demonic crawler is moderately wounded.
The demonic crawler completely misses you.
You block the demonic crawler's attack. x3
The demonic crawler closely misses you. The demonic crawler hits you.
* * * LOW HITPOINT WARNING * * *
Attack whom?
Press: ? - help, Dir - move target cursor, f/p - demonic crawler
Aim: a demonic crawler (moderately wounded, clinging)
You impale the demonic crawler!! You freeze the demonic crawler.
The demonic crawler is severely wounded.
The demonic crawler barely misses you.
The demonic crawler hits you but does no damage.
You block the demonic crawler's attack. The demonic crawler misses you.
You block the demonic crawler's attack. x2
Attack whom?
Press: ? - help, Dir - move target cursor, f/p - demonic crawler
Aim: a demonic crawler (severely wounded, clinging)
You hit the demonic crawler but do no damage.
The demonic crawler is severely wounded.
The demonic crawler misses you. You block the demonic crawler's attack.
The demonic crawler completely misses you.
Attack whom?
Press: ? - help, Dir - move target cursor, f/p - demonic crawler
Aim: a demonic crawler (severely wounded, clinging)
You impale the demonic crawler!! You freeze the demonic crawler.
You kill the demonic crawler!
Okawaru accepts your kill.
Your base Shields skill increases to level 13!
Attack whom?
Press: ? - help, Dir - move target cursor, f - demonic crawler
Aim: a demonic crawler (clinging)
You hit the demonic crawler but do no damage.
The demonic crawler misses you. You block the demonic crawler's attack.
The demonic crawler hits you!
* * * LOW HITPOINT WARNING * * *
Attack whom?
Press: ? - help, Dir - move target cursor, f/p - demonic crawler
Aim: a demonic crawler (clinging)
You hit the demonic crawler but do no damage.
You block the demonic crawler's attack. The demonic crawler hits you.
* * * LOW HITPOINT WARNING * * *
You block the demonic crawler's attack.
Attack whom?
Press: ? - help, Dir - move target cursor, f/p - demonic crawler
Aim: a demonic crawler (clinging)
You puncture the demonic crawler! You freeze the demonic crawler.
The demonic crawler is moderately wounded.
The demonic crawler hits you but does no damage. x2
You block the demonic crawler's attack.
Attack whom?
Press: ? - help, Dir - move target cursor, f/p - demonic crawler
Aim: a demonic crawler (moderately wounded, clinging)
You puncture the demonic crawler!
The demonic crawler is moderately wounded.
The demonic crawler misses you. You block the demonic crawler's attack.
The demonic crawler hits you but does no damage.
Attack whom?
Press: ? - help, Dir - move target cursor, f/p - demonic crawler
Aim: a demonic crawler (moderately wounded, clinging)
You puncture the demonic crawler!
The demonic crawler is heavily wounded.
Attack whom?
Press: ? - help, Dir - move target cursor, f/p - demonic crawler
Aim: a demonic crawler (heavily wounded, clinging)
You hit the demonic crawler but do no damage.
The demonic crawler is heavily wounded.
You block the demonic crawler's attack. x3
Attack whom?
Press: ? - help, Dir - move target cursor, f/p - demonic crawler
Aim: a demonic crawler (heavily wounded, clinging)
You hit the demonic crawler but do no damage.
The demonic crawler is heavily wounded.
You block the demonic crawler's attack. The demonic crawler closely misses you.
The demonic crawler barely misses you.
Attack whom?
Press: ? - help, Dir - move target cursor, f/p - demonic crawler
Aim: a demonic crawler (heavily wounded, clinging)
You completely miss the demonic crawler.
The demonic crawler is heavily wounded.
The demonic crawler hits you!
You die...

#####################
.)..#.)'.(#__#..@)..#
.#..'..#..'..'.)#s..##+#
###'#####(#__####...'..#
##..#...#)####§?#####..+
_####..##)#§§§§.#..# ##
____##'#_.§§§≈§§'..#
.∩...'?.._#§§§§.#.§#
..__##_.#'##§#####'### {
____###+#[#§.§.###.'.#


You could see a demonic crawler.

Vanquished Creatures
  2 centaur warriors (D)
  A deep troll (D)
  An oklob plant (D)
  2 kobold demonologists (D)
  3 demonic crawlers (D)
  A hornet (D)
  A slime creature (D)
  Sigmund (D)
  2 redbacks (D)
  A yak (D)
  A floating eye (D)
  An ogre (D)
  A jelly (D)
  Ijyb (D)
19 creatures vanquished.

Vanquished Creatures (others)
  A gargoyle (D)
1 creature vanquished.

Grand Total: 20 creatures vanquished

Notes
Turn   | Place    | Note
-------+----------+-------------------------------------------
     0 | D        | sankara the Formicid Fighter began the quest for the Orb.
     0 | D        | Reached XP level 1. HP: 18/18 MP: 1/1
     1 | D        | Noticed Ijyb
    10 | D        | Killed Ijyb
    10 | D        | Reached skill level 4 in Fighting
    10 | D        | Reached skill level 3 in Polearms
    10 | D        | Reached skill level 4 in Armour
    10 | D        | Reached skill level 1 in Dodging
    10 | D        | Reached skill level 2 in Stealth
    10 | D        | Reached skill level 4 in Shields
    10 | D        | Reached XP level 2. HP: 16/25 MP: 2/2
    10 | D        | Reached XP level 3. HP: 19/30 MP: 3/3
   117 | D        | Noticed an ogre
   122 | D        | Killed an ogre
   122 | D        | Reached skill level 5 in Fighting
   122 | D        | Reached skill level 5 in Polearms
   122 | D        | Reached skill level 5 in Armour
   122 | D        | Reached skill level 3 in Dodging
   122 | D        | Reached skill level 5 in Shields
   122 | D        | Reached XP level 4. HP: 19/39 MP: 4/4
   122 | D        | Reached XP level 5. HP: 21/44 MP: 5/5
   290 | D        | Noticed Sigmund
   305 | D        | Killed Sigmund
   305 | D        | Reached skill level 6 in Fighting
   305 | D        | Reached skill level 7 in Polearms
   305 | D        | Reached skill level 6 in Armour
   305 | D        | Reached skill level 4 in Dodging
   305 | D        | Reached skill level 6 in Shields
   305 | D        | Reached XP level 6. HP: 28/53 MP: 6/6
   462 | D        | Found an ornate altar of the Wu Jian Council.
   462 | D        | Found a deep blue altar of Sif Muna.
   464 | D        | Found a radiant altar of Vehumet.
   468 | D        | Reached skill level 7 in Shields
   492 | D        | Found Lar Zara's Antique Weapon Emporium.
   492 | D        | Found an ancient bone altar of Kikubaaqudgha.
   492 | D        | Found a hazy altar of Hepliaklqana.
   492 | D        | Found a stormy altar of Qazlal.
   492 | D        | Found a hide-covered altar of Uskayaw.
   492 | D        | Found a blossoming altar of Fedhas.
   492 | D        | Found a bloodstained altar of Trog.
   492 | D        | Found an iron altar of Okawaru.
   492 | D        | Found a basalt altar of Yredelemnul.
   492 | D        | Found a glowing golden altar of the Shining One.
   492 | D        | Found a snail-covered altar of Cheibriados.
   492 | D        | Found a sacrificial altar of Ru.
   492 | D        | Found a glowing silver altar of Zin.
   492 | D        | Found a shadowy altar of Dithmenos.
   492 | D        | Found a white marble altar of Elyvilon.
   492 | D        | Noticed a yak
   501 | D        | Killed a yak
   501 | D        | Reached skill level 7 in Fighting
   501 | D        | Reached skill level 8 in Polearms
   501 | D        | Reached skill level 7 in Armour
   501 | D        | Reached skill level 5 in Dodging
   501 | D        | Reached XP level 7. HP: 44/60 MP: 7/7
   502 | D        | Found an opulent altar of Gozag.
   505 | D        | Found a sparkling altar of Nemelex Xobeh.
   510 | D        | Became a worshipper of Warmaster Okawaru
   578 | D        | Found a burning altar of Makhleb.
   578 | D        | Found a viscous altar of Jiyva.
   578 | D        | Found a shimmering altar of Xom.
   578 | D        | Found a corrupted altar of Lugonu.
   578 | D        | Noticed a slime creature
   586 | D        | Killed a slime creature
   586 | D        | Reached skill level 9 in Polearms
   586 | D        | Reached skill level 8 in Shields
   755 | D        | Noticed a kobold demonologist
   756 | D        | Noticed a kobold demonologist
   756 | D        | Reached skill level 8 in Fighting
   756 | D        | Reached skill level 8 in Armour
   756 | D        | Reached XP level 8. HP: 68/68 MP: 8/8
   765 | D        | Killed a kobold demonologist
   765 | D        | Reached * piety under Okawaru
   765 | D        | Reached skill level 10 in Polearms
   765 | D        | Reached skill level 9 in Shields
   771 | D        | Noticed a soul eater
   773 | D        | Noticed a hellwing
   774 | D        | HP: 7/69 [soul eater[a kobold demonologist] (21)]
   776 | D        | Killed a kobold demonologist
   776 | D        | Reached skill level 9 in Fighting
   776 | D        | Reached skill level 11 in Polearms
   776 | D        | Reached skill level 9 in Armour
   869 | D        | Killed a gargoyle
  1081 | D        | Noticed a centaur warrior
  1081 | D        | Noticed a centaur warrior
  1094 | D        | HP: 12/71 [centaur warrior/arrow (18)]
  1097 | D        | Killed a centaur warrior
  1097 | D        | Reached ** piety under Okawaru
  1097 | D        | Reached skill level 10 in Fighting
  1097 | D        | Reached skill level 12 in Polearms
  1097 | D        | Reached skill level 10 in Armour
  1097 | D        | Reached skill level 10 in Shields
  1097 | D        | Reached XP level 9. HP: 13/78 MP: 6/9
  1103 | D        | Killed a centaur warrior
  1103 | D        | Reached *** piety under Okawaru
  1103 | D        | Reached skill level 13 in Polearms
  1103 | D        | Reached skill level 11 in Shields
  1397 | D        | Noticed a hornet
  1405 | D        | Killed a hornet
  1405 | D        | Reached skill level 1 in Invocations
  1405 | D        | Reached XP level 10. HP: 71/86 MP: 9/11
  1482 | D        | Noticed a deep troll
  1491 | D        | Killed a deep troll
  1491 | D        | Reached skill level 11 in Fighting
  1491 | D        | Reached skill level 11 in Armour
  1491 | D        | Reached skill level 12 in Shields
  1491 | D        | Reached skill level 3 in Invocations
  1578 | D        | Found Laryt's Armour Emporium.
  1587 | D        | Bought a +0 cloak of magic resistance for 161 gold pieces
  1587 | D        | Bought a +1 pair of gloves of dexterity for 231 gold pieces
  1611 | D        | Noticed an oklob plant
  1617 | D        | Killed an oklob plant
  1617 | D        | Reached **** piety under Okawaru
  1617 | D        | Reached skill level 4 in Invocations
  1625 | D        | Reached skill level 5 in Invocations
  1673 | D        | Noticed a demonic crawler
  1673 | D        | Noticed a demonic crawler
  1673 | D        | Noticed a demonic crawler
  1673 | D        | Noticed a demonic crawler
  1684 | D        | Killed a demonic crawler
  1690 | D        | Killed a demonic crawler
  1690 | D        | Reached skill level 12 in Fighting
  1690 | D        | Reached skill level 12 in Armour
  1690 | D        | Reached skill level 6 in Invocations
  1693 | D        | HP: 21/89 [demonic crawler (8)]
  1699 | D        | HP: 15/89 [demonic crawler (6)]
  1702 | D        | Killed a demonic crawler
  1702 | D        | Reached skill level 13 in Shields
  1704 | D        | HP: 7/89 [demonic crawler (1)]
  1710 | D        | Slain by a demonic crawler

Skill      XL: |  1  2  3  4  5  6  7  8  9 10 |
---------------+-------------------------------+-----
Fighting       | 4 5 6 7 8 10 12 | 12.1
Polearms       | 3 5 7 8 9 12 13 | 13.2
Armour         | 4 5 6 7 8 10 12 | 12.1
Dodging        | 1 3 4 5 |  5.1
Stealth        | 2 |  2.5
Shields        | 4 5 6 7 8 10 11 13 | 13.0
Invocations    | 1 6 |  6.7

Action                   |  1- 3 |  4- 6 |  7- 9 | 10-12 || total
-------------------------+-------+-------+-------+-------++-------
Melee: Trident           |    14 |    27 |    48 |    53 ||   142
Invok: Heroism           |       |       |     1 |     4 ||     5
Evoke: Wand              |       |       |     4 |       ||     4
  Use: Potion            |       |       |     1 |     1 ||     2
 Stab: Sleeping          |       |       |       |     3 ||     3
  Eat: Chunk             |       |       |     1 |     1 ||     2
Armor: Scale mail        |     1 |     3 |    10 |    29 ||    43
Dodge: Dodged            |     1 |     4 |    10 |    34 ||    49
Block: Shield            |     5 |     6 |    21 |    56 ||    88

Vault maps used:
D:        dungeon_sprint_1

Table legend:
 A = Turns spent in this place as a percentage of turns spent in the entire game.
 B = Non-inter-level travel turns spent in this place as a percentage of non-inter-level travel turns spent in the entire game.
 C = Inter-level travel turns spent in this place as a percentage of turns spent in this place.
 D = Turns resting spent in this place as a percentage of non-inter-level travel turns spent in this place.
 E = Turns spent auto-exploring this place as a percentage of non-inter-level travel turns spent in this place.
 F = Non-inter-level travel turns spent in this place divided by the number of levels of this place that you've seen.
                   A       B       C       D       E      F
               +-------+-------+-------+-------+-------+----------------------
         Total | 100.0 | 100.0 |   2.2 |  75.0 |   1.6 | 1672.0
       Dungeon | 100.0 | 100.0 |   2.2 |  75.0 |   1.6 | 1672.0
               +-------+-------+-------+-------+-------+----------------------

Table legend:
 A = Kills in this place as a percentage of kills in entire the game.
 B = Kills by you in this place as a percentage of kills by you in the entire game.
 C = Kills by friends in this place as a percentage of kills by friends in the entire game.
 D = Other kills in this place as a percentage of other kills in the entire game.
 E = Experience gained in this place as a percentage of experience gained in the entire game.
 F = Experience gained in this place divided by the number of levels of this place that you have seen.
                   A       B       C       D       E      F
               +-------+-------+-------+-------+-------+----------------------
         Total | 100.0 | 100.0 |   N/A |   N/A | 100.0 | 6712.0
       Dungeon | 100.0 | 100.0 |   N/A |   N/A | 100.0 | 6712.0
               +-------+-------+-------+-------+-------+----------------------
